AoeStats
← fonsovich

Arena

505088165Analyzed
4v4 RM · 24d ago on Sep 7, 2026· 37m 48s· 8 players
Game mode
Random Map
Map size
Large (8 player)
Population
200
Speed
Normal
Resources
Standard
Victory
Conquest
Starting age
Dark Age
Ending age
Imperial Age
RankedLock teamsTeams togetherTeam positionsShared explorationLock speedFull tech treeHidden civsTurbo modeCheats
Victory
Defeat
🇺🇸 Spanish · United States
727
+7
🇺🇸 Franks · United States
633
+11
🇻🇪 Turks · Venezuela
617
+11
🇺🇸 Romans · United States
561
+13
🇨🇱 Georgians · Chile
609
-13
🇸🇪 Tupi · Sweden
528
-11
🇦🇷 Celts · Argentina
483
-10
🇹🇷 Khmer · Türkiye
423
-8
fonsovich
13:44 Feudal Age
28:47 Castle Age
27:12 Scale Barding Armor
27:18 Forging
27:09 Padded Archer Armor
27:00 Fletching
27:22 Double-Bit Axe
27:35 Gold Mining
27:37 Stone Mining
31:05 Gold Shaft Mining
31:08 Stone Shaft Mining
30:49 Bow Saw
31:33 Chain Barding Armor
31:29 Leather Archer Armor
31:09 Bodkin Arrow
31:56 Iron Casting
37:45 Imperial Age
37:09 Crossbowman
Ronny. F Sweden
0:46 Loom
13:32 Feudal Age
15:04 Wheelbarrow
14:21 Stone Mining
14:21 Gold Mining
14:19 Double-Bit Axe
14:17 Horse Collar
14:24 Town Watch
20:01 Castle Age
19:06 Padded Archer Armor
18:56 Fletching
19:08 Scale Mail Armor
20:50 Town Patrol
21:27 Gold Shaft Mining
20:53 Heavy Plow
23:18 Pikeman
23:18 Champi Runner
23:45 Arson
24:01 Squires
24:22 Forging
24:27 Leather Archer Armor
25:01 Champi Warrior
26:46 Bow Saw
27:54 Hand Cart
30:53 Caciques
31:48 Chain Mail Armor
32:09 Iron Casting
31:49 Leather Archer Armor
32:59 Treadmill Crane
33:09 Heated Shot
33:15 Murder Holes
33:10 Guard Tower
33:41 Ballistics
34:02 Coinage
34:06 Sanctity
Gohan
12:58 Feudal Age
15:01 Wheelbarrow
14:15 Loom
17:08 Castle Age
17:07 Horse Collar
17:18 Double-Bit Axe
17:42 Gold Mining
17:47 Stone Mining
23:56 Heavy Plow
28:13 Bow Saw
28:39 Stone Shaft Mining
34:49 Imperial Age
32:37 Hand Cart
32:09 Town Watch
32:12 Loom
FZL
5:58 Loom
9:45 Feudal Age
14:20 Double-Bit Axe
14:17 Horse Collar
21:30 Castle Age
21:51 Gold Mining
21:51 Stone Mining
23:44 Heavy Plow
24:11 Bow Saw
33:33 Imperial Age
32:51 Padded Archer Armor
32:42 Fletching
33:54 Leather Archer Armor
manny la amenaza
12:15 Feudal Age
14:37 Double-Bit Axe
15:14 Gold Mining
21:25 Castle Age
20:07 Stone Mining
23:02 Gold Shaft Mining
22:42 Bow Saw
22:14 Pikeman
23:16 Squires
33:07 Husbandry
Johm55
0:33 Loom
12:43 Feudal Age
13:26 Horse Collar
13:37 Double-Bit Axe
21:54 Castle Age
25:04 Squires
24:25 Pikeman
24:26 Man-at-Arms
28:51 Scale Mail Armor
29:01 Forging
29:21 Ballistics
32:22 Imperial Age
31:31 Long Swordsman
33:33 Chain Mail Armor
37:20 Gold Mining
37:25 Stone Mining
37:56 Ballistas
olivercid.24
10:56 Feudal Age
18:30 Double-Bit Axe
18:31 Horse Collar
21:32 Castle Age
19:45 Stone Mining
19:55 Loom
29:48 Fletching
31:16 Gold Mining
32:02 Stone Shaft Mining
33:30 Bow Saw
37:03 Bodkin Arrow
coco=)
0:28 Loom
11:53 Feudal Age
13:40 Horse Collar
20:40 Castle Age
23:22 Double-Bit Axe
24:43 Heavy Plow
28:43 Imperial Age
31:00 Bow Saw
Connection lost

Rejoining the realm…

Still unreachable

The connection could not be restored.

Session expired

The server has moved on; the page needs a fresh start.